 Dungeon Crawl Stone Soup version 0.31-a0-986-g5e6e4ef867 (webtiles) character file.

Game seed: 11684920840472716092

62 wildpjah the Slasher (level 4, -1/27 HPs)
             Began as a Tengu Gladiator on Nov 20, 2023.
             Slain by a gnoll
             ... wielding a +3 flail
              (10 damage)
             ... on level 2 of the Dungeon.
             The game lasted 00:00:57 (891 turns).

wildpjah the Slasher (Tengu Gladiator)               Turns: 891, Time: 00:00:57

Health: -1/27      AC:  3    Str: 14    XL:     4   Next: 8%
Magic:  5/5        EV: 13    Int:  9    God:
Gold:   54         SH:  0    Dex: 17    Spells: 3/3 levels left

rFire   . . .        a - +0 long sword
rCold   . . .        (no shield)
rNeg    . . .        b - +0 leather armour
rPois   .            c - +0 hat
rElec   .            (no cloak)
rCorr   .            (no gloves)
SInv    .            (boots unavailable)
Will    .....        (no amulet)
Stlth   +            (no ring)
HPRegen 0.24/turn    (no ring)
MPRegen 0.09/turn

%: acrobat
@: no status effects
A: beak, talons 3, acrobatic
a: no special abilities


You were on level 2 of the Dungeon.
You visited 1 branch of the dungeon, and saw 2 of its levels.

You collected 54 gold pieces.

Inventory:

Hand Weapons
 a - a +0 long sword (weapon)
Missiles
 d - 3 throwing nets (quivered)
 e - a javelin
Armour
 b - a +0 leather armour (worn)
 c - a +0 hat (worn)
Jewellery
 h - a ring of fire
Scrolls
 g - a scroll of enchant armour {unknown}
 l - a scroll of fog {unknown}
Potions
 f - a potion of curing {unknown}
 i - a potion of lignification {unknown}
 j - a potion of brilliance {unknown}
 k - a potion of cancellation {unknown}


   Skills:
 + Level 2.3 Fighting
 + Level 4.3 Long Blades
 + Level 2.2 Throwing
 + Level 0.3 Armour
 + Level 3.9 Dodging


You had 3 spell levels left.
You didn't know any spells.
Your spell library was empty.

Dungeon Overview and Level Annotations

Branches:
Dungeon (2/15)

Altars:


Innate Abilities, Weirdness & Mutations

You have a beak for a mouth.
You have claws for feet.
You can magically evade attacks while moving or waiting.


Message History

A gnoll comes into view. It is wielding a +0 whip.
You slash the giant cockroach!
You kill the giant cockroach!
You hit the gnoll. You claw the gnoll, but do no damage.
The gnoll is lightly wounded.
The gnoll hits you with a +0 whip.
You slash the gnoll! You claw the gnoll.
You kill the gnoll!
No target in view!
No target in view!
No target in view!
HP restored.
You see here a +0 whip. 2 gnolls come into view.
The gnoll shouts! x2
There are monsters nearby!
The gnoll misses you.
You barely miss the gnoll. You claw the gnoll!
The gnoll is heavily wounded.
The gnoll hits you but does no damage. The gnoll closely misses you.
You barely miss the gnoll. Your kick misses the gnoll.
The gnoll is heavily wounded.
The gnoll hits you with a +0 flail!
You slash the gnoll!
You kill the gnoll!
You have reached level 4!
You feel clever.
You hit the gnoll but do no damage. Your kick misses the gnoll.
The gnoll misses you.
You slash the gnoll! Your kick misses the gnoll.
The gnoll is severely wounded.
The gnoll hits you with a +3 flail!
You hit the gnoll but do no damage.
The gnoll is severely wounded.
The gnoll barely misses you.
You hit the gnoll. Your kick misses the gnoll.
You peck the gnoll, but do no damage.
The gnoll is almost dead.
The gnoll hits you with a +3 flail. The gnoll hits you with a +3 flail!
You die...

#.........
###.....#..
#.......# .
#.#####.# #.#
.# #.# #
#####)#
#.....#####...
#.###.@g....#
####.#### #


You could see a gnoll.

Vanquished Creatures
  2 gnolls (D:2)
  An adder (D:2)
  A ball python (D:1)
  4 bats (D:1)
  An endoplasm (D:1)
  2 giant cockroaches
  3 goblins
  4 hobgoblins
  4 jackals (D:1)
  A quokka (D:1)
  2 frilled lizards (D:1)
  3 kobolds
  3 rats
31 creatures vanquished.

Notes
Turn   | Place    | Note
-------+----------+-------------------------------------------
     0 | D:1      | wildpjah the Tengu Gladiator began the quest for the Orb.
     0 | D:1      | Reached XP level 1. HP: 12/12 MP: 2/2
    50 | D:1      | Reached XP level 2. HP: 17/17 MP: 3/3
   431 | D:1      | Reached XP level 3. HP: 21/21 MP: 4/4
   807 | D:2      | Reached skill level 4 in Long Blades
   888 | D:2      | Reached XP level 4. HP: 17/27 MP: 5/5
   891 | D:2      | Slain by a gnoll

Illustrated notes

Levels and vault maps discovered:
D:1:      sevenhm_arrival_forest_fort_large_2, layout_loops_ring,
          minmay_strange_pillars
D:2:      layout_loops_ring

Skill      XL: |  1  2  3 |
---------------+----------+-----
Long Blades    | 4 |  4.3
Fighting       | |  2.3
Throwing       | |  2.2
Armour         | |  0.3
Dodging        | |  3.9

Action                     |  1- 3 |  4- 6 || total
---------------------------+-------+-------++-------
  Melee: Long sword        |    52 |     4 ||    56
         Kick              |    12 |       ||    12
         Peck              |     4 |     1 ||     5
 Armour: Leather armour    |    13 |     3 ||    16
  Dodge: Dodged            |    34 |     2 ||    36

Table legend: (Time is in decaauts)
 A = Elapsed time spent in this place.
 B = Non-inter-level travel time spent in this place.
 C = Inter-level travel time spent in this place.
 D = Time resting spent in this place.
 E = Time spent auto-exploring this place.
 F = Levels seen in this place.
 G = Mean time per level.
                   A        B        C        D        E       F      G
               +--------+--------+--------+--------+--------+-----+--------+
         Total |    902 |    859 |     43 |      0 |    711 |   2 |  451.0 |
       Dungeon |    902 |    859 |     43 |      0 |    711 |   2 |  451.0 |
               +--------+--------+--------+--------+--------+-----+--------+

Top non-repeatable levels by time:
     D:1: 808 daAuts
     D:2: 93 daAuts
